 Dungeon Crawl Stone Soup version 0.30-a0-1074-g5db6f66fbb (webtiles) character file.

Game seed: 17880823603748942584

224 Newt the Shooter (level 6, -2/40 HPs)
             Began as a Kobold Hunter on Apr 13, 2023.
             Slain by an elf zombie (5 damage)
             ... in an ossuary.
             The game lasted 00:02:30 (2733 turns).

Newt the Shooter (Kobold Hunter)                    Turns: 2733, Time: 00:02:31

Health: -2/40      AC:  4    Str:  8    XL:     6   Next: 20%
Magic:  6/6        EV: 14    Int: 10    God:
Gold:   160        SH:  0    Dex: 21    Spells: 5/5 levels left

rFire   . . .      SeeInvis +    a - +0 shortbow
rCold   . . .      Faith    .    (shield currently unavailable)
rNeg    . . .      Spirit   .    c - +0 leather armour
rPois   .          Reflect  .    o - +0 helmet
rElec   .          Rampage  .    (no cloak)
rCorr   .                        (no gloves)
Will    .....                    (no boots)
Stlth   +++                      (no amulet)
HPRegen 0.26/turn                i - ring of see invisible
MPRegen 0.10/turn                (no ring)

@: hasted, very quick
A: small, no large weapons, nightstalker 3
a: no special abilities


You were in an ossuary.
You visited 1 branch of the dungeon, and saw 4 of its levels.
You also visited: Ossuary.

You collected 160 gold pieces.

Inventory:

Hand Weapons
 a - a +0 shortbow (weapon)
Armour
 c - a +0 leather armour (worn)
 o - a +0 helmet (worn)
Jewellery
 i - a ring of see invisible (left hand)
Scrolls
 b - 2 scrolls of immolation
 l - a scroll of magic mapping
Potions
 d - 6 potions of curing
 e - 3 potions of attraction
 f - 2 potions of degeneration {unknown}
 g - a potion of berserk rage
 h - a potion of heal wounds


   Skills:
 - Level 5.0 Fighting
 + Level 7.4 Ranged Weapons
 - Level 2.4 Dodging
 - Level 1.3 Stealth


You had 5 spell levels left.
You didn't know any spells.
Your spell library contained the following spells:

 Spells                   Type           Power      Damage    Failure   Level
 Vhi's Electric Charge    Tloc/Air       0%         N/A       86%         3
 Arcjolt                  Conj/Air       0%         1d10      100%        5
 Plasma Beam              Fire/Air       0%         2x1d11    100%        6


Dungeon Overview and Level Annotations

Branches:
Dungeon (4/15)             Temple (0/1) D:4         Ossuary (1/1)

Altars:
Dithmenos
Kikubaaqudgha

Shops:
D:3 (   D:4 ?[


Innate Abilities, Weirdness & Mutations

You are small and have problems with some larger weapons.
You are completely attuned to the shadows.


Message History

The rat zombie bites you but does no damage.
You shoot an arrow.
The arrow closely misses the elf zombie.
The human zombie hits you.
* * * LOW HITPOINT WARNING * * *
The kobold zombie hits you but does no damage. x2
You shoot an arrow.
The arrow completely misses the elf zombie.
The elf zombie barely misses you. The rat zombie barely misses you.
The elf zombie closely misses you.
Unknown command.
You shoot an arrow. The arrow hits the elf zombie.
The elf zombie is moderately damaged.
An elf zombie comes into view.
The kobold zombie hits you but does no damage.
Unknown command.
You shoot an arrow.
The arrow hits the elf zombie but does no damage.
The elf zombie is moderately damaged.
The human zombie closely misses you. The elf zombie hits you.
* * * LOW HITPOINT WARNING * * *
Unknown command.
You shoot an arrow. The arrow hits the elf zombie.
The elf zombie is heavily damaged.
The kobold zombie misses you. The human zombie barely misses you.
Unknown command.
You shoot an arrow.
The arrow closely misses the elf zombie.
The arrow hits the human zombie but does no damage.
The elf zombie closely misses you.
The rat zombie bites you but does no damage.
The kobold zombie misses you.
Unknown command.
You shoot an arrow. The arrow hits the elf zombie.
The elf zombie is heavily damaged.
The kobold zombie completely misses you.
The human zombie hits you.
* * * LOW HITPOINT WARNING * * *
The elf zombie hits you.
You die...

.........
..........
..........
.....Z....
....@Z....
...ZZZ....
..Z.Z.....
....∩∩....
..........
.........
.........
.........


You could see a rat zombie, 2 kobold zombies, 2 elf zombies and 2 human zombies.

Vanquished Creatures
  A scorpion (D:4)
  A jelly (D:3)
  A hound zombie (Ossuary)
  Robin (D:3)
  4 adders
  A worm (D:2)
  A dart slug (D:1)
  An orc (D:3)
  6 ball pythons
  3 endoplasms
  2 giant cockroaches (D:1)
  13 goblins
  10 hobgoblins
  3 jackals (D:2)
  2 kobolds
  5 quokkas
  7 bats
  3 frilled lizards
  6 rats
71 creatures vanquished.

Notes
Turn   | Place    | Note
-------+----------+-------------------------------------------
     0 | D:1      | Newt the Kobold Hunter began the quest for the Orb.
     0 | D:1      | Reached XP level 1. HP: 12/12 MP: 1/1
   458 | D:1      | Reached XP level 2. HP: 18/18 MP: 2/2
   770 | D:1      | Found a faded altar of an unknown god.
  1055 | D:2      | Reached XP level 3. HP: 23/23 MP: 3/3
  1690 | D:2      | Reached XP level 4. HP: 30/30 MP: 4/4
  1950 | D:3      | Noticed Robin
  1953 | D:3      | Killed Robin
  1954 | D:3      | Reached skill level 5 in Fighting
  2007 | D:3      | Found a shadowy altar of Dithmenos.
  2013 | D:3      | Reached XP level 5. HP: 35/35 MP: 5/5
  2106 | D:3      | Found Icveidia's Weapon Shop.
  2164 | D:3      | Reached skill level 6 in Ranged Weapons
  2367 | D:3      | Found an ancient bone altar of Kikubaaqudgha.
  2536 | D:4      | Noticed an ogre
  2536 | D:4      | Found Jylivvoj's Magic Scroll Boutique.
  2559 | D:4      | Found Oxuh's Armour Shop.
  2565 | D:4      | Reached skill level 7 in Ranged Weapons
  2565 | D:4      | Reached XP level 6. HP: 14/40 MP: 6/6
  2646 | D:4      | Found a sand-covered staircase.
  2652 | Ossuary  | Entered an ossuary
  2733 | Ossuary  | Slain by an elf zombie

Illustrated notes

Levels and vault maps discovered:
D:1:      dpeg_arrival_more_subterranean_lakeside_camping, layout_loops_ring,
          dreamdust_ecumenical_altar_angels_and_demons,
          nicolae_figureground_pulse
D:2:      layout_basic
D:3:      layout_rooms, mainiacjoe_overflow_big_doors, serial_shops,
          nicolae_shop_bloodbath_and_beyond, ebering_dispersal_statue_hall,
          minmay_cut_off, uniq_robin
D:4:      layout_rooms, minmay_temple_entry_junction, serial_shops,
          nicolae_stop_n_shop_2, kennysheep_mini_moat, nicolae_shop_waterfront,
          shop, chequers_ossuary_entry_cave, minmay_misc_feat_square
Ossuary:  ossuary_minmay_tomb_2a

Skill      XL: |  1  2  3  4  5 |
---------------+----------------+-----
Fighting       | 3 4 5 |  5.0
Ranged Weapons | 7 |  7.4
Dodging        | |  2.4
Stealth        | |  1.3

Action                     |  1- 3 |  4- 6 || total
---------------------------+-------+-------++-------
   Fire: Shortbow          |    97 |   111 ||   208
    Use: Scroll            |     3 |     7 ||    10
         Potion            |       |     1 ||     1
 Armour: Leather armour    |    14 |    24 ||    38
  Dodge: Dodged            |    36 |    67 ||   103

Table legend: (Time is in decaauts)
 A = Elapsed time spent in this place.
 B = Non-inter-level travel time spent in this place.
 C = Inter-level travel time spent in this place.
 D = Time resting spent in this place.
 E = Time spent auto-exploring this place.
 F = Levels seen in this place.
 G = Mean time per level.
                   A        B        C        D        E       F      G
               +--------+--------+--------+--------+--------+-----+--------+
         Total |   2788 |   2644 |    144 |    203 |   2021 |   5 |  557.6 |
       Dungeon |   2707 |   2563 |    144 |    203 |   1965 |   4 |  676.8 |
       Ossuary |     80 |     80 |      0 |      0 |     56 |   1 |   80.0 |
               +--------+--------+--------+--------+--------+-----+--------+

Top non-repeatable levels by time:
     D:1: 1040 daAuts
     D:2: 840 daAuts
     D:3: 729 daAuts
     D:4: 97 daAuts
 Ossuary: 80 daAuts
